 Dungeon Crawl Stone Soup version 0.29.0-4-gdea44cf6ec (webtiles) character file.

Game seed: 15200026751024098416

342 qw the Chopper (level 6, -1/36 HPs)
             Began as a Tengu Warper on Aug 28, 2022.
             Slain by a black bear (11 damage)
             ... on level 4 of the Dungeon.
             The game lasted 00:00:19 (2848 turns).

qw the Chopper (Tengu Warper)                       Turns: 2848, Time: 00:00:19

Health: -1/36      AC:  8    Str: 13    XL:     6   Next: 57%
Magic:  10/10      EV: 11    Int: 13    God:
Gold:   146        SH:  0    Dex: 14    Spells: 9/9 levels left

rFire   + . .      SeeInvis .   Y - +0 hand axe
rCold   . . .      Faith    .   (no shield)
rNeg    . . .      Spirit   .   h - +0 scale mail
rPois   .          Reflect  .   (helmet restricted)
rElec   .          Harm     .   g - +0 cloak
rCorr   .          Rampage  .   b - +0 pair of gloves
Will    .....                   (boots unavailable)
Stlth   ..........              e - amulet of regeneration
HPRegen 0.92/turn               d - ring of protection from fire
MPRegen 0.12/turn               (no ring)

@: about to teleport, flying quickly and evasively, quick
A: beak, talons 3, nimble flight
a: no special abilities


You were on level 4 of the Dungeon.
You visited 1 branch of the dungeon, and saw 4 of its levels.

You collected 146 gold pieces.


Innate Abilities, Weirdness & Mutations

You have a beak for a mouth.
You have claws for feet.
Your magical nature lets you fly swiftly and evasively.


   Skills:
 + Level 2.9 Fighting
 - Level 7.0 Axes
 - Level 1.0 Throwing
 - Level 1.1 Armour
 - Level 2.1 Dodging
 - Level 2.0 Spellcasting
 - Level 2.4 Translocations


You had 9 spell levels left.
You didn't know any spells.
Your spell library contained the following spells:

 Spells                   Type           Power      Damage    Failure   Level
 Blink                    Tloc           14%        N/A       56%         2
 Gell's Gravitas          Tloc           7%         N/A       80%         3
 Lesser Beckoning         Tloc           7%         N/A       80%         3
 Teleport Other           Tloc           7%         N/A       80%         3
 Manifold Assault         Tloc           7%         N/A       100%        5

Inventory:

Hand Weapons
 j - a +0 morningstar
 Y - a +0 hand axe (weapon)
Missiles
 i - 4 javelins (quivered)
Armour
 b - a +0 pair of gloves (worn)
 g - a +0 cloak (worn)
 h - a +0 scale mail (worn)
Jewellery
 d - a ring of protection from fire (left hand)
 e - an amulet of regeneration (around neck)
Scrolls
 c - 2 scrolls of identify
Potions
 f - 2 potions of curing
 k - a potion of attraction {unknown}

Dungeon Overview and Level Annotations

Branches:
Dungeon (4/15)
 Temple: D:4-7

Altars:
Fedhas


Message History

You hit the black bear but do no damage.
You claw the black bear, but do no damage.
The black bear is heavily wounded.
The black bear bites you. The black bear barely misses you.
The black bear claws you.
You hit the black bear but do no damage.
You claw the black bear. Your peck misses the black bear.
The black bear is severely wounded.
The black bear bites you. The black bear claws you.
The black bear claws you but does no damage.
You hit the black bear.
You claw the black bear, but do no damage.
Your peck misses the black bear.
The black bear is severely wounded.
The black bear goes berserk!
You closely miss the black bear.
The black bear is severely wounded.
The black bear bites you but does no damage.
The black bear claws you but does no damage.
The black bear claws you.
You hit the black bear but do no damage.
You claw the black bear, but do no damage.
The black bear is severely wounded.
The black bear bites you. The black bear claws you.
The black bear closely misses you.
The black bear bites you but does no damage.
The black bear claws you but does no damage.
The black bear claws you.
2847 ||| READING scroll of teleportation.
As you read the scroll of teleportation, it crumbles to dust.
You feel strangely unstable.
The black bear bites you but does no damage.
The black bear claws you but does no damage.
The black bear misses you.
You barely miss the black bear.
You claw the black bear, but do no damage.
Your peck misses the black bear.
The black bear is severely wounded.
The black bear bites you!
You die...

............#....##
....?##..##.###..#
#+######..##.###..#
#......#..#.......#
#......'..#.......#
#...>..#..#.......#
########..##..##..#
#.....##..##..##..##.
#.....h@.............
#....................
########..............
#..#...######..
#####.......#
#.......# #.......#
#.......####
#.......#..#


You could see a black bear (berserk).

Vanquished Creatures
  A scorpion (D:4)
  A hound (D:3)
  An orc priest (D:4)
  A jelly (D:4)
  Jessica (D:3)
  An orc wizard (D:3)
  Robin (D:2)
  4 adders
  A dart slug (D:1)
  7 orcs
  2 ball pythons
  6 bats
  8 endoplasms
  5 giant cockroaches
  8 goblins
  10 hobgoblins
  4 quokkas
  3 frilled lizards
  10 kobolds
  3 rats
78 creatures vanquished.

Notes
Turn   | Place    | Note
-------+----------+-------------------------------------------
     0 | D:1      | qw the Tengu Warper began the quest for the Orb.
     0 | D:1      | Reached XP level 1. HP: 12/12 MP: 4/4
     0 | D:1      | 0 ||| qw: Version: 0.1-a-89-g26bdef1
     0 | D:1      | 0 ||| qw: Game counter: 1622
     0 | D:1      | 0 ||| qw: Always use a shield: true
     0 | D:1      | 0 ||| qw: God list: Okawaru
     0 | D:1      | 0 ||| qw: Allow faded altars: false
     0 | D:1      | 0 ||| qw: Do Orc after D:15 true
     0 | D:1      | 0 ||| qw: Do second Lair branch before Depths: true
     0 | D:1      | 0 ||| qw: Lair rune preference: random
     0 | D:1      | 0 ||| qw: Plans: Normal
     0 | D:1      | 0 ||| PLANNING D:1-11
    85 | D:1      | 85 ||| Stepping ~*~*~tactically~*~*~ (hiding).
    86 | D:1      | 86 ||| Stepping ~*~*~tactically~*~*~ (hiding).
   252 | D:1      | Reached XP level 2. HP: 17/17 MP: 6/6
   257 | D:1      | Reached skill level 3 in Axes
   659 | D:1      | Found a faded altar of an unknown god.
   848 | D:1      | 848 ||| Stepping ~*~*~tactically~*~*~ (stealth).
   854 | D:1      | 854 ||| Stepping ~*~*~tactically~*~*~ (stealth).
   855 | D:1      | 855 ||| Stepping ~*~*~tactically~*~*~ (stealth).
   867 | D:1      | Reached XP level 3. HP: 7/21 MP: 7/7
  1135 | D:1      | 1135 ||| UPGRADING to +0 scale mail.
  1145 | D:1      | 1145 ||| DROPPING +0 leather armour.
  1146 | D:1      | 1146 ||| UPGRADING to amulet of regeneration.
  1151 | D:1      | 1151 ||| READING scroll labelled UMUITI QYFOG.
  1152 | D:1      | 1152 ||| READING scroll labelled LAWIAFE YMAKA.
  1153 | D:1      | 1153 ||| READING scroll labelled KISYHI ELOE.
  1158 | D:1      | 1158 ||| READING scroll labelled RATTYL BIOL.
  1159 | D:1      | 1159 ||| DROPPING scroll of blinking.
  1271 | D:2      | Noticed Robin
  1272 | D:2      | 1272 ||| Stepping ~*~*~tactically~*~*~ (stealth).
  1276 | D:2      | Reached skill level 4 in Axes
  1282 | D:2      | Killed Robin
  1336 | D:2      | 1336 ||| Stepping ~*~*~tactically~*~*~ (stealth).
  1339 | D:2      | 1339 ||| Stepping ~*~*~tactically~*~*~ (stealth).
  1352 | D:2      | 1352 ||| Stepping ~*~*~tactically~*~*~ (stealth).
  1364 | D:2      | Reached XP level 4. HP: 26/26 MP: 8/8
  1706 | D:2      | Reached skill level 5 in Axes
  1725 | D:2      | 1725 ||| Stepping ~*~*~tactically~*~*~ (stealth).
  1776 | D:2      | 1776 ||| UPGRADING to ring of protection from fire.
  1777 | D:2      | 1777 ||| READING scroll labelled MYEPPU PIDDY.
  1778 | D:2      | 1778 ||| READING scroll labelled HANIDU CEFUU.
  1779 | D:2      | 1779 ||| READING scroll labelled CIOLYLE ZUMEO.
  1780 | D:2      | 1780 ||| READING 2 scrolls of identify.
  1780 | D:2      | 1780 ||| IDENTIFYING orange potion
  1979 | D:3      | Gained mutation: Your magical nature lets you fly swiftly
                  | and evasively. [Tengu growth]
  1979 | D:3      | Reached XP level 5. HP: 30/30 MP: 9/9
  2008 | D:3      | Noticed Jessica
  2009 | D:3      | 2009 ||| FLEEEEING.
  2010 | D:3      | 2010 ||| FLEEEEING.
  2011 | D:3      | 2011 ||| FLEEEEING.
  2012 | D:3      | 2012 ||| FLEEEEING.
  2013 | D:3      | 2013 ||| FLEEEEING.
  2019 | D:3      | 2019 ||| FLEEEEING.
  2025 | D:3      | 2025 ||| DRINKING potion of curing.
  2025 | D:3      | 2025 ||| (to cure confusion)
  2026 | D:3      | HP: 3/30 [disintegration (15)]
  2027 | D:3      | Killed Jessica
  2032 | D:3      | HP: 5/30 [orc wizard/magic dart (4)]
  2035 | D:3      | Reached skill level 6 in Axes
  2081 | D:3      | 2081 ||| Stepping ~*~*~tactically~*~*~ (stealth).
  2495 | D:3      | 2495 ||| UPGRADING to +0 pair of gloves.
  2500 | D:3      | 2500 ||| UPGRADING to +0 cloak.
  2542 | D:4      | 2542 ||| Stepping ~*~*~tactically~*~*~ (stealth).
  2610 | D:4      | Reached XP level 6. HP: 24/35 MP: 10/10
  2639 | D:4      | Reached skill level 7 in Axes
  2650 | D:4      | 2650 ||| DROPPING +0 club.
  2748 | D:4      | Found a blossoming altar of Fedhas.
  2833 | D:4      | Noticed a black bear
  2846 | D:4      | HP: 8/36 [black bear (2)]
  2847 | D:4      | 2847 ||| READING scroll of teleportation.
  2848 | D:4      | Slain by a black bear

Levels and vault maps discovered:
D:1:      dpeg_arrival_boxes_within_box, layout_loops_ring,
          shapermc_ecumenical_altar_venn
D:2:      layout_rooms, minmay_pentomino_t2, uniq_robin
D:3:      layout_basic, uniq_jessica
D:4:      layout_gridville, lemuel_crystal_altar, zin_treasury, fedhas_altar_4

Skill      XL: |  1  2  3  4  5  6 |
---------------+-------------------+-----
Axes           | 3 4 5 6 7 |  7.0
Fighting       | |  2.9
Throwing       | |  1.0
Armour         | |  1.1
Dodging        | |  2.1
Spellcasting   | |  2.0
Translocations | |  2.4

Action                   |  1- 3 |  4- 6 || total
-------------------------+-------+-------++-------
Melee: Hand axe          |    73 |    97 ||   170
       Kick              |    15 |    25 ||    40
       Peck              |    10 |    18 ||    28
       Punch             |       |     1 ||     1
Throw: Boomerang         |     7 |       ||     7
       Javelin           |       |    40 ||    40
  Use: Scroll            |     4 |     5 ||     9
       Potion            |       |     1 ||     1
Armor: Leather armour    |     6 |       ||     6
       Scale mail        |     9 |    49 ||    58
Dodge: Dodged            |    28 |    48 ||    76

Table legend:
 A = Non-vault XP
 B = Vault XP
 C = Vault XP percentage of total XP
 D = Non-vault monster count
 E = Vault monster count
 F = Vault count percentage of total count
                 A         B        C        D         E       F
            +---------+---------+-------+---------+---------+-------
      Total |     400 |      89 |  18.2 |      63 |      15 |  19.2
            +---------+---------+-------+---------+---------+-------
        D:1 |      41 |       0 |   0.0 |      22 |       0 |   0.0
        D:2 |      32 |      52 |  61.9 |      12 |      14 |  53.8
        D:3 |     137 |      37 |  21.3 |      19 |       1 |   5.0
        D:4 |     190 |       0 |   0.0 |      10 |       0 |   0.0
            +---------+---------+-------+---------+---------+-------
